AoeStats
← [PSCH] R!ce

Lombardia

509631439Analyzed
3v3 RM · 5d ago on Sep 27, 2026· 17m 21s· 6 players
Game mode
Random Map
Map size
Normal (6 player)
Population
200
Speed
Normal
Resources
Standard
Victory
Conquest
Starting age
Dark Age
Ending age
Imperial Age
RankedLock teamsTeams togetherTeam positionsShared explorationLock speedFull tech treeHidden civsTurbo modeCheats
Victory
Defeat
🇨🇭 Japanese · Switzerland
1453
+13
🇨🇭 Varangians · Switzerland
1409
+15
🇨🇭 Huns · Switzerland
1384
+17
🇫🇷 Magyars · France
1412
-16
🇫🇷 Japanese · France
1400
-15
🇨🇱 Hindustanis · Chile
1369
-14
[CL]Sendoh
1:07 Loom
9:40 Feudal Age
10:27 Double-Bit Axe
16:01 Wheelbarrow
16:35 Bloodlines
From Mars To Sirius
7:32 Loom
10:58 Feudal Age
16:01 Castle Age
stefoula
5:16 Loom
11:01 Feudal Age
16:43 Castle Age
ChnebelSchnägg
9:16 Feudal Age
9:53 Double-Bit Axe
9:59 Loom
11:45 Bloodlines
12:59 Horse Collar
[PSCH] R!ce
7:40 Loom
9:58 Feudal Age
12:30 Fletching
17:31 Double-Bit Axe
[PSCH] Reh
7:55 Loom
10:03 Feudal Age
10:40 Double-Bit Axe
12:41 Horse Collar
13:42 Scale Barding Armor
13:57 Forging
15:31 Bloodlines
Connection lost

Rejoining the realm…

Still unreachable

The connection could not be restored.

Session expired

The server has moved on; the page needs a fresh start.